Map: [ESL] Data-C

Players

Dolan - Winner!

  • Race: Terran Terran
  • Spawn Location: 3:00

Nice

  • Race: Protoss Protoss
  • Spawn Location: 9:00

Event: DreamHack SC2 Masters 2022 Valencia

VOD

Have the link to the VOD?

Description

Time

  • Played on: July 1, 2022, 5 p.m.
  • Length: 8:57

All games in this series

Show
View Real Time Build Order
Export as new Build Order

Dolan Terran - Winner!

Build Orders:  

Get SALT Encoding   

  12  0:00  SCV  
  13  0:12  SCV  
  14  0:17  Supply Depot  
  14  0:24  SCV  
  14  0:27  Refinery  
  15  0:38  SCV  
  16  0:46  Barracks  
  16  0:50  SCV  
  17  1:03  SCV  
  18  1:15  SCV  
  19  1:27  SCV  
  20  1:41  Orbital Command, Reaper  
  21  1:52  Command Center  
  21  2:10  Factory, SCV  
  22  2:15  Refinery  
  22  2:22  Barracks Reactor  
  22  2:23  Supply Depot  
  22  2:26  SCV  
  23  2:45  SCV  
  24  2:54  Barracks  
  24  2:55  Factory Tech Lab  
  24  2:57  SCV  
  25  2:58  Marine x2  
  25  3:05  Orbital Command  
  27  3:14  Cyclone  
  27  3:15  SCV  
  31  3:26  Marine x2  
  33  3:27  SCV  
  33  3:31  SCV  
  35  3:43  SCV x2  
  35  3:44  Barracks Tech Lab, Marine x2  
  38  3:54  Siege Tank  
  41  3:57  Orbital Command  
  41  4:00  SCV  
  42  4:04  Marine x2  
  42  4:05  Marine  
  42  4:06  Stimpack  
  45  4:11  Supply Depot  
  45  4:13  SCV  
  46  4:22  Marine  
  46  4:26  Marine  
  46  4:32  Marine  
  46  4:34  SCV x2  
  48  4:40  Siege Tank, Marine  
  48  4:42  Barracks  
  48  4:44  Marine  
  53  4:46  SCV  
  53  4:52  Supply Depot  
  54  4:55  Starport  
  54  5:05  Refinery, Supply Depot  
  54  5:13  SCV x2, Marine x3  
  59  5:14  Supply Depot  
  59  5:15  Siege Tank  
  62  5:25  SCV  
  62  5:26  SCV  
  63  5:30  Barracks Reactor  
  63  5:31  Starport Reactor, Supply Depot  
  63  5:35  Marine x3  
  64  5:41  Engineering Bay  
  66  5:48  Siege Tank  
  68  5:54  Marine x3  
  71  5:58  Combat Shield  
  71  6:08  SCV x2  
  71  6:10  Medivac x2  
  77  6:12  Marine  
  77  6:13  Marine  
  77  6:17  Supply Depot, Marine  
  80  6:19  Marine  
  80  6:21  Marine  
  80  6:25  Siege Tank  
  85  6:32  Marine  
  86  6:39  Marine x3  
  89  6:48  Marine  
  89  6:51  Medivac  
  89  6:52  Medivac  
  87  7:05  Marine x4  
  87  7:06  Siege Tank, Marine  
  80  7:33  Marine x3  
  79  7:42  Medivac  
  73  8:01  Marine x5  
  73  8:18  Marine x2  
  73  8:19  Marine x2  
  74  8:20  Marine  
  77  8:36  Marine x2  
  77  8:41  SCV x2  
Show
View Real Time Build Order
Export as new Build Order

Nice Protoss 

Build Orders: 1 Gate Expand 

Get SALT Encoding   

  12  0:00  Probe  
  13  0:12  Probe  
  14  0:18  Pylon  
  14  0:24  Probe (Chrono Boost)  
  15  0:38  Probe (Chrono Boost)  
  15  0:40  Gateway  
  16  0:44  Probe (Chrono Boost)  
  16  0:49  Assimilator  
  17  0:53  Probe  
  18  1:05  Probe  
  19  1:17  Probe  
  20  1:27  Cybernetics Core  
  20  1:37  Nexus  
  20  1:44  Pylon  
  20  1:49  Assimilator  
  20  1:51  Probe  
  21  2:01  Stalker (Chrono Boost)  
  21  2:03  Probe  
  21  2:07  Warp Gate  
  24  2:14  Shield Battery  
  24  2:21  Adept (Chrono Boost)  
  24  2:25  Probe  
  27  2:34  Robotics Facility  
  27  2:43  Stalker (Chrono Boost)  
  29  2:48  Probe  
  29  2:50  Probe  
  31  3:00  Probe  
  31  3:02  Probe  
  31  3:04  Stalker (Chrono Boost)  
  33  3:12  Probe  
  36  3:16  Probe  
  37  3:24  Probe, Warp Prism (Chrono Boost)  
  38  3:31  Pylon  
  38  3:32  Probe  
  41  3:43  Probe  
  41  3:44  Probe  
  41  3:46  Pylon  
  43  3:53  Observer (Chrono Boost)  
  42  3:55  Probe  
  42  3:57  Pylon  
  42  4:00  Stalker  
  42  4:02  Probe  
  46  4:07  Twilight Council  
  46  4:08  Probe  
  47  4:13  Immortal (Chrono Boost)  
  51  4:17  Probe  
  52  4:34  Probe x2  
  50  4:40  Blink (Chrono Boost), Assimilator  
  50  4:42  Gateway  
  50  4:45  Stalker  
  50  4:46  Probe  
  50  4:47  Gateway  
  50  4:49  Observer  
  50  4:51  Probe  
  52  4:58  Probe  
  53  5:01  Pylon  
  53  5:10  Stalker  
  53  5:12  Observer  
  56  5:14  Nexus  
  56  5:16  Probe x2  
  58  5:27  Shield Battery  
  58  5:28  Probe x2  
  58  5:34  Observer  
  61  5:36  Shield Battery  
  61  5:38  Stalker, Sentry  
  61  5:40  Probe  
  66  5:45  Stalker  
  66  5:46  Probe  
  66  5:48  Pylon  
  68  6:03  Pylon  
  68  6:05  Shield Battery  
  68  6:06  Immortal (Chrono Boost)  
  68  6:10  Shield Battery  
  72  6:19  Probe x2  
  72  6:23  Stalker  
  72  6:24  Stalker x2  
  72  6:25  Observer  
  80  6:26  Probe  
  80  6:27  Charge  
  80  6:30  Forge  
  80  6:31  Probe  
  80  6:32  Probe  
  83  6:38  Probe  
  84  6:43  Probe, Immortal (Chrono Boost)  
  84  6:44  Probe  
  90  6:50  Stalker x2  
  90  6:51  Zealot  
  96  7:05  Shield Battery  
  96  7:06  Shield Battery  
  96  7:07  Shield Battery  
  94  7:10  Pylon  
  94  7:13  Sentry  
  94  7:14  Sentry, Zealot  
  85  7:40  Stalker x3  
  91  7:45  Shield Battery  
  91  7:48  Pylon  
  69  8:02  Observer x2, Immortal (Chrono Boost)  
  69  8:07  Stalker x2  
  69  8:09  Stalker  
  72  8:23  Observer  
  60  8:36  Shield Battery  
  60  8:38  Gateway  
  60  8:39  Stalker  
  60  8:41  Gateway  
  46  8:43  Gateway  
  46  8:44  Pylon  

Tags
 
Add a new tag
Caveats
  • Supply blocks, unpowered buildings, or Contaminate may cause inaccurate times.
  • Supply counts are checked every 10 seconds.